 Dungeon Crawl Stone Soup version 0.29.1-2-gbd0b4ee654 (webtiles) character file.

Game seed: 10256849177760724397

351 MisterFreud the Twirler (level 6, 0/48 HPs)
             Began as a Formicid Gladiator on Nov 2, 2022.
             Succumbed to a gnoll's poison
             ... on level 7 of the Dungeon.
             The game lasted 00:03:49 (3825 turns).

MisterFreud the Twirler (Formicid Gladiator)        Turns: 3825, Time: 00:03:50

Health: 0/48       AC: 11    Str: 21    XL:     6   Next: 93%
Magic:  6/6        EV: 16    Int:  7    God:
Gold:   194        SH:  0    Dex: 15    Spells: 5/5 levels left

rFire   . . .      SeeInvis +   a - +0 quarterstaff
rCold   . . .      Faith    .   (no shield)
rNeg    + . .      Spirit   .   s - +4 ring mail
rPois   .          Reflect  .   (helmet unavailable)
rElec   .          Harm     .   k - +1 cloak
rCorr   .          Rampage  .   (no gloves)
Will    .....                   (no boots)
Stlth   +.........              (no amulet)
HPRegen 0.16/turn               l - +4 ring of evasion
MPRegen 0.10/turn               m - ring of positive energy

@: lethally poisoned (0 -> -8)
A: permanent stasis, dig shafts and tunnels, antennae 3, four strong arms
a: Dig, Shaft Self


You were on level 7 of the Dungeon.
You visited 1 branch of the dungeon, and saw 5 of its levels.

You collected 194 gold pieces.

Inventory:

Hand Weapons
 a - a +0 quarterstaff (weapon)
Missiles
 c - 3 throwing nets (quivered)
 d - a javelin
 h - 5 boomerangs
 o - 6 poisoned darts
Armour
 k - a +1 cloak (worn)
 s - a +4 ring mail (worn)
Jewellery
 g - a ring of protection from fire
 l - a +4 ring of evasion (left hand)
 m - a ring of positive energy (right hand)
 t - an amulet of magic regeneration
Potions
 b - 2 potions of heal wounds {unknown}
 e - 2 potions of resistance
 f - 2 potions of curing
 n - a potion of cancellation
 p - a potion of attraction {unknown}
 q - a potion of degeneration {unknown}
 u - 2 potions of might {unknown}


   Skills:
 + Level 3.7 Fighting
 - Level 6.0 Staves
 - Level 2.0 Throwing
 + Level 2.7 Armour
 - Level 2.6 Dodging


You had 5 spell levels left.
You didn't know any spells.
Your spell library contained the following spells:

 Spells                   Type           Power      Damage    Failure   Level
 Call Canine Familiar     Summ           0%         N/A       92%         3
 Lesser Beckoning         Tloc           0%         N/A       92%         3
 Portal Projectile        Hex/Tloc       0%         N/A       92%         3
 Leda's Liquefaction      Hex/Erth       0%         N/A       100%        4
 Manifold Assault         Tloc           0%         N/A       100%        5
 Blink                    Tloc           Unusable   N/A       N/A         2

Dungeon Overview and Level Annotations

Branches:
Dungeon (4/15)
 Temple: D:4-7

Altars:

Annotations:
D:3 1 transporter, enotiy's ghost, amateur MiGl
D:4 Dowan; Duvessa


Innate Abilities, Weirdness & Mutations

You cannot be hasted, slowed, berserked, paralysed or teleported.
You can dig through walls and to a lower floor.
You have a pair of large antennae on your head. (SInv)
Your four strong arms can wield two-handed weapons with a shield.


Message History

You hit the gnoll but do no damage.
The gnoll is lightly wounded.
You feel very sick. The gnoll misses you. The gnoll barely misses you.
You closely miss the gnoll.
The gnoll is lightly wounded.
You feel sick. The gnoll misses you. The gnoll hits you but does no damage.
You are more poisoned.
You barely miss the gnoll.
The gnoll is lightly wounded.
You feel very sick.
The gnoll is no longer moving quickly.
The gnoll closely misses you.
The gnoll hits you from afar with a +0 halberd of venom.
You are lethally poisoned!
You closely miss the gnoll. You punch the gnoll.
The gnoll is moderately wounded.
You feel extremely sick.
The gnoll is no longer moving quickly.
The gnoll hits you but does no damage. The gnoll closely misses you.
You hit the gnoll.
The gnoll is moderately wounded.
Your attacks no longer feel as feeble.
* * * LOW HITPOINT WARNING * * *
You feel very sick. The gnoll misses you.
The gnoll hits you from afar with a +0 halberd of venom.
* * * LOW HITPOINT WARNING * * *
You are more poisoned.
The gnoll bouda barks out a call to the hunt!
The gnolls pick up the pace!
You feel better. The gnoll hits you with a +0 halberd!
* * * LOW HITPOINT WARNING * * *
The gnoll closely misses you.
Are you sure you want to shaft yourself?
The gnoll is no longer moving quickly.
The gnoll hits you with a +0 halberd.
* * * LOW HITPOINT WARNING * * *
The gnoll hits you but does no damage.
You are lethally poisoned!
You begin to dig a shaft.
You continue digging a shaft.
You die...

# ##. ..#.# .#
..
#.#.###.##...
#.#.#........
#.#.#........
#.#........#.
#@#..........
{ #g#........#
{ #g#........#
{
#.#g#.#......#
#..g..#......#
###.###g.....#
#.. .g?....#
... .g.##.##
##......# ..#


You could see a gnoll bouda and 3 gnolls.

Vanquished Creatures
  A bullfrog (D:4)
  A scorpion (D:3)
  A jelly (D:7)
  Terence (D:3)
  An orc wizard (D:3)
  Robin (D:3)
  4 adders (D:2)
  A shadow imp (D:3)
  3 worms (D:3)
  4 dart slugs
  4 orcs
  8 ball pythons
  4 endoplasms
  A giant cockroach (D:2)
  14 goblins
  7 hobgoblins
  2 jackals (D:4)
  2 quokkas (D:2)
  4 frilled lizards
  6 kobolds
  6 rats
76 creatures vanquished.

Notes
Turn   | Place    | Note
-------+----------+-------------------------------------------
     0 | D:1      | MisterFreud the Formicid Gladiator began the quest for the
                  | Orb.
     0 | D:1      | Reached XP level 1. HP: 16/16 MP: 1/1
   168 | D:1      | Reached XP level 2. HP: 21/22 MP: 2/2
  1122 | D:2      | Found a faded altar of an unknown god.
  1133 | D:2      | Reached skill level 4 in Staves
  1133 | D:2      | Reached XP level 3. HP: 23/27 MP: 3/3
  1389 | D:2      | Reached XP level 4. HP: 33/33 MP: 4/4
  1612 | D:2      | Reached skill level 5 in Staves
  2006 | D:3      | Noticed Terence
  2029 | D:3      | Killed Terence
  2030 | D:3      | Reached XP level 5. HP: 4/38 MP: 5/5
  2533 | D:3      | Noticed Robin
  2547 | D:3      | Killed Robin
  2612 | D:3      | Found a transporter.
  2746 | D:3      | Reached skill level 6 in Staves
  2766 | D:3      | You fall into a shaft and drop 1 floor!
  3058 | D:3      | Reached skill level 1 in Armour
  3058 | D:3      | Reached XP level 6. HP: 33/47 MP: 6/6
  3193 | D:3      | Noticed enotiy's ghost (amateur MiGl)
  3496 | D:4      | Identified the +11 dagger of Beujeel {vorpal, rN+ rCorr
                  | SInv Stlth-}
  3585 | D:4      | Noticed Duvessa
  3585 | D:4      | Noticed Dowan
  3635 | D:4      | You fall into a shaft and drop 3 floors!
  3824 | D:7      | HP: 2/48 [gnoll/+0 halberd[a gnoll bouda] (6)]
  3825 | D:7      | Succumbed to a gnoll's poison

Illustrated notes

Levels and vault maps discovered:
D:1:      ebering_hopf_link, layout_basic, dreamdust_mushroom_princess
D:2:      layout_rooms, basic_ecumenical_altar, minmay_misc_feat_tiny,
          minmay_box_of_dots
D:3:      layout_loops_ring, gammafunk_ghost_mausoleum, uniq_terence, uniq_robin
D:4:      layout_loops_ring, nicolae_gozag_seed_capital, uniq_duvessa
D:7:      minmay_the_grid_triangle_9x9_rhombus_full
          [minmay_the_grid_triangle_9x9_subtriangle,
          minmay_the_grid_triangle_9x9_windchime,
          minmay_the_grid_triangle_9x9_negative_grid,
          minmay_the_grid_triangle_9x9_descending_squares,
          minmay_the_grid_triangle_9x9_minimal,
          minmay_the_grid_triangle_9x9_empty,
          minmay_the_grid_triangle_9x9_warning,
          minmay_the_grid_triangle_9x9_prize_insulated], layout_basic,
          mainiacjoe_overflow_brackets

Skill      XL: |  1  2  3  4  5  6 |
---------------+-------------------+-----
Staves         | 4 5 6 |  6.0
Fighting       | 3 |  3.7
Armour         | 1 2 |  2.7
Throwing       | |  2.0
Dodging        | |  2.6

Action                   |  1- 3 |  4- 6 || total
-------------------------+-------+-------++-------
Melee: Quarterstaff      |    79 |   202 ||   281
       Punch             |       |     7 ||     7
 Abil: Shaft Self        |       |     3 ||     3
  Use: Scroll            |       |    10 ||    10
       Potion            |       |     1 ||     1
Armor: Leather armour    |    13 |    19 ||    32
       Ring mail         |       |    23 ||    23
Dodge: Dodged            |    55 |   182 ||   237
